 Dungeon Crawl Stone Soup version 0.13.1-19-g4b9377e (webtiles) character file.

233 thecheesestandsalone the Poker (level 4, -2/30 HPs)
             Began as an Octopode Death Knight on Dec 26, 2013.
             Was a Believer of Yredelemnul.
             Slain by a gnoll
             ... wielding a cursed -1,-3 spear
              (8 damage)
             ... on Level 3 of the Dungeon.
             The game lasted 00:12:01 (2255 turns).

thecheesestandsalone the Poker (OpDK)               Turns: 2255, Time: 00:12:01

HP  -2/30        AC  1     Str 12      XL: 4   Next: 98%
MP   7/7         EV 12     Int 13      God: Yredelemnul [**....]
Gold 119         SH  0     Dex 12      Spells:  0 memorised,  3 levels left

Res.Fire  : . . .   See Invis. : .   a - +1 spear {=f}
Res.Cold  : + . .   Warding    : .   (no shield)
Life Prot.: . . .   Conserve   : .   (helmet restricted)
Res.Poison: .       Res.Corr.  : .   (no amulet)
Res.Elec. : .       Clarity    : .   j - ring of protection from cold
Sust.Abil.: . .     Spirit.Shd : .   (no ring)
Res.Mut.  : .       Stasis     : .   (no ring)
Res.Rott. : .       Flight     : .   (no ring)
Saprovore : . . .                    (no ring)
                                     (no ring)
                                     (no ring)
                                     (no ring)

@: slightly resistant to hostile enchantments, stealthy
A: almost no armour, amphibious, 8 rings, constrict 8, camouflage 1, AC +1
a: Animate Remains, Recall Undead Slaves, Injury Mirror, Renounce Religion


You were on level 3 of the Dungeon.
You worshipped Yredelemnul.
Yredelemnul was pleased with you.
You were hungry.

You visited 1 branch of the dungeon, and saw 3 of its levels.

You collected 99 gold pieces.

Inventory:

Hand weapons
 a - a +1,+1 spear (weapon) {=f}
Comestibles
 c - a bread ration
 k - 2 chokos
 l - a pear
Scrolls
 e - a scroll of identify
 g - a scroll of teleportation
 h - a scroll of enchant weapon II {unknown}
 i - a scroll of amnesia {unknown}
 m - a scroll of blinking {unknown}
 q - 2 scrolls of remove curse {unknown}
Jewellery
 j - a ring of protection from cold (left tentacle)
Potions
 b - 2 potions of curing
 f - a potion of brilliance
 n - a potion of magic


   Skills:
 - Level 2.0 Fighting
 + Level 4.6 Polearms
 - Level 1.5 Dodging
 - Level 1.1 Stealth
 - Level 3.2 Invocations


You had 3 spell levels left.
You didn't know any spells.

Dungeon Overview and Level Annotations

Branches:
Dungeon (3/27)

Altars:


Innate Abilities, Weirdness & Mutations

You cannot wear most types of armour.
You are amphibious.
You can wear up to eight rings at the same time.
You can use your tentacles to constrict many enemies at once.
Your skin changes colour to match your surroundings (Stlth).
Your rubbery body absorbs attacks (AC +1).


Message History

You see here a flail.
You barely miss the gnoll. Your grab misses the gnoll.
You barely miss the gnoll. You grab the gnoll. You squeeze the gnoll!
The gnoll is heavily wounded.
You constrict the gnoll.
The gnoll hits you from afar with a spear.
The gnoll misses you.
You hit the gnoll. You squeeze the gnoll.
You kill the gnoll!
Yredelemnul accepts your kill.
The gnoll hits you from afar with a spear.
* * * LOW HITPOINT WARNING * * *
The gnoll hits you with a spear.
* * * LOW HITPOINT WARNING * * *
Things that are here:
a glowing flail; 11 gold pieces You barely miss the gnoll.
You grab the gnoll. You constrict the gnoll. The gnoll hits you with a spear!
You die...
Your body rises from the dead as a mindless zombie.

..................########
...........................
.............)....)...#
......................######
....................r.......
...###...#######.#....###...
.... #...# #.#....# ...
#...# #)#....# ... ......
#@###### .. ....... #g#
....... #l# .... .r# ..#
.... ...# ....# #.#


You could see a gnoll, a giant newt and a rat.

Vanquished Creatures
  Terence (D:2)
  2 gnolls (D:3)
  3 adders
  2 giant geckos
  An ooze (D:2)
  An orc (D:3)
  2 ball pythons (D:2)
  8 bats
  3 giant cockroaches
  5 goblins
  2 hobgoblins (D:1)
  5 jackals (D:2)
  A quokka (D:2)
  7 giant newts
  6 kobolds
  6 rats
55 creatures vanquished.

Vanquished Creatures (collateral kills)
  A ball python (D:2)
  A goblin (D:1)
  A kobold (D:2)
  2 rats
5 creatures vanquished.

Vanquished Creatures (others)
  2 bat zombies (D:1)
  A ball python zombie (D:2)
  A giant gecko zombie (D:1)
  A goblin zombie (D:3)
5 creatures vanquished.

Grand Total: 65 creatures vanquished

Notes
Turn   | Place    | Note
--------------------------------------------------------------
     0 | D:1      | thecheesestandsalone, the Octopode Death Knight, began the quest for the Orb.
     0 | D:1      | Reached XP level 1. HP: 14/14 MP: 2/2
     0 | D:1      | Demise: you can use a*a to reanimate the dead
     0 | D:1      | Demise: for free
     0 | D:1      | thecheesestandsalone: ik
     0 | D:1      | Demise: basically get undead slaves
     0 | D:1      | thecheesestandsalone: played it once
    16 | D:1      | Demise: polearms for reach
    16 | D:1      | thecheesestandsalone: but they're slow as fuck
    18 | D:1      | Demise: don't get too many at the start
    34 | D:1      | Demise: they'll suck your exp
    36 | D:1      | Demise: just get 1-2
    50 | D:1      | Demise: bats are pretty good choices because they move as fast as you
    81 | D:1      | Demise: congratulations, you are now a pokemon master
   105 | D:1      | Demise: now go forth, a world of adventure awaits!
   169 | D:1      | thecheesestandsalone: do I want to level invos
   169 | D:1      | Demise: not really
   169 | D:1      | Demise: not for a while
   193 | D:1      | Reached XP level 2. HP: 14/19 MP: 4/4
   415 | D:1      | thecheesestandsalone: holy dodongos
   799 | D:2      | Demise: ?
   799 | D:2      | thecheesestandsalone: str, I guess ?
   799 | D:2      | Demise: yep
   799 | D:2      | Demise: or dex, either one
   799 | D:2      | Demise: actually
   799 | D:2      | Demise: dex might be better for this guy
   799 | D:2      | Reached XP level 3. HP: 21/24 MP: 3/5
   824 | D:2      | Noticed Terence
   841 | D:2      | Killed Terence
   854 | D:2      | Acquired Yredelemnul's second power
  1078 | D:2      | Reached XP level 4. HP: 26/30 MP: 7/7
  1236 | D:2      | Reached skill level 1 in Stealth
  1378 | D:2      | Reached skill level 4 in Polearms
  2234 | D:3      | Demise: brb
  2255 | D:3      | Slain by a gnoll

Action                   |  1- 3 |  4- 6 || total
-------------------------+-------+-------++-------
Melee: Spear             |    76 |    52 ||   128
Invok: Animate Remains   |     7 |     1 ||     8
  Use: Scroll            |     3 |     2 ||     5
 Stab: Sleeping          |       |     6 ||     6
       Distracted        |       |     1 ||     1
